AoeStats
← flynorc

Hideout

507145949Analyzed
1v1 RM · 15d ago on Sep 16, 2026· 41m 34s· 2 players
Game mode
Random Map
Map size
Tiny (2 player)
Population
200
Speed
Normal
Resources
Standard
Victory
Conquest
Starting age
Dark Age
Ending age
Imperial Age
RankedLock teamsTeams togetherTeam positionsShared explorationLock speedFull tech treeHidden civsTurbo modeCheats
Victory
Defeat
🇨🇱 Franks · Chile
1499
+18
🇦🇹 Vietnamese · Austria
1549
-18
duakito
9:57 Feudal Age
11:04 Loom
15:42 Castle Age
20:03 Fletching
40:15 Imperial Age
39:31 Wheelbarrow
38:43 Town Watch
flynorc
7:11 Loom
9:35 Feudal Age
10:01 Man-at-Arms
12:29 Arson
14:14 Fletching
14:35 Double-Bit Axe
24:44 Castle Age
23:12 Horse Collar
23:23 Gold Mining
25:06 Padded Archer Armor
24:48 Crossbowman
27:26 Ballistics
33:26 Leather Archer Armor
33:14 Bodkin Arrow
37:21 Sanctity
39:50 Wheelbarrow
Connection lost

Rejoining the realm…

Still unreachable

The connection could not be restored.

Session expired

The server has moved on; the page needs a fresh start.